Map: Data-C

Players

SpeCial

  • Race: Terran Terran
  • Spawn Location: 9:00

ShoWTimE - Winner!

  • Race: Protoss Protoss
  • Spawn Location: 3:00

Event: DreamHack SC2 Masters 2022 Atlanta (Offline)

VOD

Have the link to the VOD?

Description

Time

  • Played on: Nov. 18, 2022, 5:37 p.m.
  • Length: 11:22

All games in this series

Show
View Real Time Build Order
Export as new Build Order

SpeCial Terran 

Build Orders: Cyclone Opening 

Get SALT Encoding   

  12  0:00  SCV  
  13  0:12  SCV  
  14  0:17  Supply Depot  
  14  0:24  SCV  
  15  0:39  SCV  
  15  0:40  Barracks  
  16  0:46  Refinery  
  16  0:51  SCV  
  16  0:56  Refinery  
  17  1:03  SCV  
  18  1:15  SCV  
  19  1:26  Engineering Bay  
  19  1:27  Reaper  
  20  1:35  Orbital Command  
  20  1:51  Factory  
  20  1:59  Supply Depot  
  20  2:02  Reaper  
  20  2:07  SCV  
  22  2:19  SCV  
  23  2:31  SCV  
  23  2:33  Command Center  
  23  2:36  Factory Tech Lab  
  24  2:43  SCV  
  25  2:49  Starport  
  25  2:57  Cyclone  
  28  2:58  SCV  
  28  3:04  Supply Depot  
  28  3:13  SCV  
  29  3:25  SCV  
  30  3:27  Barracks Reactor  
  30  3:29  Starport Tech Lab  
  30  3:33  Widow Mine  
  32  3:37  SCV  
  33  3:46  Orbital Command  
  33  3:48  Banshee  
  33  3:49  SCV  
  33  3:50  Bunker  
  37  4:01  SCV  
  38  4:05  Marine x2  
  40  4:10  Orbital Command  
  40  4:11  Siege Tank  
  40  4:13  SCV  
  44  4:22  Marine  
  44  4:23  Marine  
  46  4:25  SCV  
  47  4:36  SCV  
  47  4:38  SCV  
  49  4:40  Marine x2  
  49  4:50  SCV  
  49  4:52  Siege Tank  
  47  4:58  Marine x2  
  47  4:59  SCV  
  45  5:02  SCV  
  44  5:11  SCV  
  45  5:14  SCV  
  45  5:16  Marine x2  
  46  5:23  SCV  
  46  5:26  SCV, Siege Tank  
  45  5:34  Marine x2  
  45  5:35  SCV  
  46  5:38  SCV  
  46  5:39  Banshee  
  47  5:47  SCV  
  48  5:50  SCV  
  48  5:52  Marine x2  
  46  5:59  SCV  
  46  6:02  SCV  
  43  6:09  Marine x2  
  45  6:11  SCV  
  45  6:12  Barracks  
  45  6:13  Barracks  
  45  6:14  SCV  
  45  6:16  Supply Depot  
  47  6:22  Raven  
  47  6:23  SCV  
  50  6:26  SCV  
  50  6:27  Marine x2  
  53  6:33  Refinery  
  53  6:35  Engineering Bay  
  53  6:36  SCV  
  53  6:39  SCV  
  55  6:45  Marine x2  
  55  6:46  Siege Tank  
  60  6:50  SCV  
  60  6:51  SCV  
  62  6:55  Supply Depot  
  62  7:12  Stimpack  
  62  7:14  Marine x2, Starport Reactor  
  62  7:15  SCV  
  62  7:16  SCV, Marine  
  64  7:25  Barracks  
  64  7:26  Refinery, Factory Tech Lab, Barracks  
  64  7:27  SCV  
  64  7:28  SCV  
  66  7:30  Marine  
  66  7:32  Marine x2  
  66  7:34  Terran Infantry Weapons Level 1, Marine  
  70  7:43  Supply Depot  
  70  7:44  SCV x2  
  72  7:47  Siege Tank  
  75  7:56  SCV x2  
  77  7:59  Missile Turret  
  77  8:04  Medivac  
  78  8:08  SCV x2  
  76  8:17  Marine x2  
  76  8:18  Marauder x2  
  81  8:20  SCV  
  81  8:22  Missile Turret  
  81  8:39  Marauder  
  77  8:50  SCV x2, Marine  
  77  8:51  Marine  
  77  8:52  Marine x2  
  77  8:55  Siege Tank, Combat Shield  
  86  8:56  Supply Depot  
  86  8:57  Supply Depot  
  86  9:17  Medivac x2, Marine x4  
  86  9:18  Marine x2  
  96  9:25  Supply Depot  
  95  9:35  Missile Turret, Marauder, Marine x3  
  95  9:36  Marine  
  95  9:37  Marauder  
  97  9:47  Missile Turret  
  97  9:53  Marine x3  
  97  9:54  Marine  
  97  9:56  Siege Tank  
  97  9:57  Marauder  
  97  9:58  Marine  
  106  10:10  Marine x3  
  106  10:12  Marine  
  110  10:16  Marine  
  110  10:23  Marine  
  110  10:31  Marine x2  
  110  10:36  Marine  
  110  10:37  Marine  
  110  10:39  Marine  
  104  10:43  Marine  
  99  10:52  Missile Turret  
  99  10:53  Marine x2  
  99  10:54  Marine  
  97  11:01  Marine x2  
  97  11:02  Marine  
Show
View Real Time Build Order
Export as new Build Order

ShoWTimE Protoss - Winner!

Build Orders: Blink Stalkers 

Get SALT Encoding   

  12  0:00  Probe  
  13  0:12  Probe  
  14  0:16  Pylon  
  14  0:24  Probe  
  15  0:35  Gateway  
  15  0:36  Probe (Chrono Boost)  
  16  0:46  Probe (Chrono Boost), Assimilator  
  17  0:51  Probe (Chrono Boost)  
  18  1:03  Probe  
  19  1:15  Probe  
  20  1:22  Cybernetics Core  
  20  1:30  Probe  
  20  1:31  Zealot, Assimilator  
  20  1:32  Pylon  
  23  1:50  Probe  
  24  1:56  Adept (Chrono Boost)  
  24  1:59  Warp Gate  
  26  2:02  Probe  
  27  2:14  Probe  
  27  2:15  Pylon  
  28  2:22  Stalker  
  29  2:24  Twilight Council  
  29  2:35  Gateway  
  29  2:42  Gateway  
  29  2:48  Probe  
  30  2:53  Blink (Chrono Boost)  
  30  3:21  Nexus  
  30  3:26  Probe  
  31  3:34  Robotics Facility  
  31  3:38  Probe  
  32  3:50  Stalker  
  32  3:52  Stalker  
  36  4:00  Stalker  
  38  4:07  Pylon  
  38  4:09  Probe  
  39  4:25  Observer, Probe  
  39  4:26  Stalker  
  39  4:31  Stalker  
  45  4:34  Probe  
  46  4:40  Probe  
  43  4:46  Probe  
  43  4:52  Probe  
  42  5:00  Stalker x2  
  42  5:01  Stalker  
  42  5:03  Probe  
  42  5:05  Probe  
  50  5:11  Observer (Chrono Boost)  
  49  5:15  Probe  
  49  5:17  Probe  
  49  5:25  Stalker  
  49  5:28  Stalker  
  49  5:33  Probe  
  49  5:35  Probe  
  47  5:45  Probe  
  47  5:47  Probe  
  45  5:57  Probe (Chrono Boost)  
  45  5:59  Probe (Chrono Boost)  
  44  6:05  Charge  
  44  6:06  Observer  
  44  6:09  Probe (Chrono Boost)  
  47  6:11  Probe (Chrono Boost)  
  47  6:14  Assimilator  
  47  6:16  Probe x2 (Chrono Boost)  
  49  6:18  Assimilator  
  49  6:24  Dark Shrine  
  50  6:25  Probe (Chrono Boost)  
  50  6:26  Probe (Chrono Boost)  
  51  6:32  Stalker  
  51  6:37  Probe (Chrono Boost)  
  55  6:40  Probe (Chrono Boost)  
  55  6:42  Probe (Chrono Boost)  
  55  6:46  Warp Prism (Chrono Boost)  
  56  6:47  Probe  
  56  6:50  Pylon  
  56  6:52  Probe  
  60  7:00  Probe  
  60  7:04  Probe  
  61  7:12  Probe  
  62  7:16  Probe  
  62  7:21  Nexus  
  63  7:24  Probe  
  63  7:25  Gateway  
  63  7:28  Probe  
  65  7:30  Pylon  
  65  7:32  Shadow Stride (Chrono Boost)  
  65  7:36  Probe  
  66  7:40  Dark Templar  
  66  7:41  Dark Templar  
  70  7:47  Pylon  
  70  7:49  Dark Templar  
  70  7:50  Probe  
  71  7:57  Gateway, Probe  
  70  8:02  Immortal (Chrono Boost)  
  72  8:17  Sentry x2  
  76  8:21  Gateway x2  
  76  8:25  Probe  
  76  8:26  Probe, Gateway  
  78  8:33  Probe  
  79  8:37  Probe  
  79  8:38  Probe  
  79  8:45  Probe  
  76  8:49  Probe  
  76  8:50  Immortal (Chrono Boost)  
  76  8:52  Dark Templar  
  83  8:56  Sentry  
  83  8:57  Zealot x3  
  91  9:09  Pylon  
  91  9:16  Dark Templar x2  
  95  9:19  Dark Templar  
  95  9:21  Dark Templar  
  95  9:24  Immortal (Chrono Boost), Probe x2  
  101  9:30  Zealot x2  
  109  9:33  Shield Battery  
  105  9:48  Robotics Bay, Forge  
  105  9:49  Zealot  
  105  9:50  Zealot  
  109  9:54  Pylon  
  109  9:55  Pylon  
  109  9:57  Pylon  
  109  9:58  Shield Battery  
  109  10:10  Assimilator  
  109  10:12  Probe x2, Assimilator  
  109  10:13  Pylon  
  109  10:14  Zealot x4  
  119  10:26  Zealot x3  
  119  10:27  Zealot  
  127  10:33  Pylon  
  127  10:34  Disruptor (Chrono Boost)  
  123  10:36  Dark Templar  
  123  10:40  Zealot x3  
  132  10:47  Zealot  
  132  10:48  Zealot x3  
  126  11:04  Zealot  
  126  11:05  Zealot x2  
  126  11:09  Zealot x4  
  106  11:19  Stalker  
Tags
 
Add a new tag
Caveats
  • Supply blocks, unpowered buildings, or Contaminate may cause inaccurate times.
  • Supply counts are checked every 10 seconds.